 Dungeon Crawl Stone Soup version 0.24.0-123-gd5b16e6ec5 (webtiles) character file.

Game seed: 14614221791253043621, levelgen mode: deterministic

42036 Johnny the Geomancer (level 13, -1/86 HPs)
             Began as a Demigod Earth Elementalist on Feb 2, 2020.
             Slain by a large slime creature (36 damage)
             ... on level 15 of the Dungeon.
             The game lasted 00:26:24 (17240 turns).

Johnny the Geomancer (Demigod Earth Elementalist)  Turns: 17240, Time: 00:26:25

Health: -1/86      AC:  7    Str: 11    XL:     13   Next: 47%
Magic:  7/49       EV: 15    Int: 27    God:
Gold:   1190       SH: 13    Dex: 23    Spells: 24/37 levels left

rFire    + . .     SeeInvis .   Q - staff of power
rCold    + . .     Gourm    .   P - +1 shield {reflect}
rNeg     + . .     Faith    .   t - +1 robe of the Unbroken {rPois rN+ Dex+2}
rPois    +         Spirit   .   p - +1 helmet
rElec    .         Reflect  +   b - scarf {rC+ rF+}
rCorr    .         Harm     .   R - +1 pair of gloves
MR       +....                  (no boots)
Stlth    ++........             x - amulet of regeneration
HPRegen  0.64/turn              a - +3 ring of evasion
MPRegen  0.31/turn              y - +5 ring of dexterity

@: lethally poisoned (-1 -> -4)
A: high mp 1
a: no special abilities


You were on level 15 of the Dungeon.
You were not hungry.

You visited 1 branch of the dungeon, and saw 15 of its levels.
You also visited: Ossuary and Ice Cave.

You collected 1332 gold pieces.
You spent 142 gold pieces at shops.

Inventory:

Missiles
 z - 195 stones (quivered)
Armour
 b - a scarf of resistance (worn)
 p - a +1 helmet (worn)
 t - the +1 robe of the Unbroken (worn) {rPois rN+ Dex+2}
   (You bought it in a shop on level 4 of the Dungeon)

   It affects your dexterity (+2).
   It protects you from poison.
   It protects you from negative energy.
 L - a +2 cloak
 P - a +1 shield of reflection (worn)
 R - a +1 pair of gloves (worn)
Magical Staves
 s - an uncursed staff of earth {unknown}
 Q - an uncursed staff of power (weapon)
Jewellery
 a - a +3 ring of evasion (left hand)
 c - an uncursed ring of ice {unknown}
 q - an uncursed ring of protection from magic
 u - an uncursed ring of flight
 x - an amulet of regeneration (around neck)
 y - a +5 ring of dexterity (right hand)
 H - an uncursed ring of protection from cold {unknown}
 K - an uncursed ring of resist corrosion
 V - an uncursed ring of positive energy {unknown}
 X - an uncursed ring of positive energy {unknown}
Wands
 o - a wand of iceblast (14)
 B - a wand of digging (5)
 D - a wand of random effects (34)
 I - a wand of flame (22)
Scrolls
 g - 8 scrolls of remove curse
 h - 3 scrolls of blinking
 j - 3 scrolls of enchant armour
 m - 10 scrolls of teleportation
 w - 3 scrolls of enchant weapon
 A - a scroll of brand weapon
 C - a scroll of fog
 E - 2 scrolls of vulnerability
 G - 4 scrolls of fear
 J - 2 scrolls of noise
 U - a scroll of identify
 W - a scroll of immolation {unknown}
Potions
 e - a potion of cancellation {unknown}
 f - 5 potions of degeneration
 i - 3 potions of agility
 k - a potion of haste
 l - 6 potions of curing
 n - 2 potions of might
 r - 5 potions of heal wounds
 v - 5 potions of flight
 F - a potion of berserk rage
 M - a potion of mutation {unknown}
 N - 3 potions of brilliance {unknown}
 O - 2 potions of resistance {unknown}
 S - a potion of invisibility
Comestibles
 d - 28 rations


   Skills:
 - Level 1.7 Dodging
 - Level 1.7 Stealth
 + Level 10.7 Shields
 + Level 12.6 Spellcasting
 - Level 0.8 Transmutations
 + Level 13.7 Earth Magic


You had 24 spell levels left.
You knew the following spells:

 Your Spells              Type           Power        Failure   Level  Hunger
a - Sandblast             Erth           ######       1%          1    None
b - Stone Arrow           Conj/Erth      ######       1%          3    None
c - Lee's Rapid Deconstr  Erth           ######....   1%          5    ##.....
d - Petrify               Tmut/Erth      ######..     2%          4    None

Your spell library contained the following spells:

 Spells                   Type           Power        Failure   Level  Hunger
 Passwall                 Tmut/Erth      ######..     1%          2    None
 Beastly Appendage        Tmut           ###...       4%          1    None
 Sticks to Snakes         Tmut           ###.....     6%          2    None
 Corpse Rot               Necr           N/A          9%          2    None
 Sublimation of Blood     Necr           ###.......   9%          2    None
 Throw Frost              Conj/Ice       ###...       9%          2    None
 Spider Form              Tmut/Pois      ###.......   14%         3    None
 Ignite Poison            Fire/Tmut/Pois ###.....     16%         3    None
 Ice Form                 Ice/Tmut       ###.....     43%         4    None
 Summon Lightning Spire   Summ/Air       ###.....     50%         4    None
 Blade Hands              Tmut           ###.......   73%         5    ##.....
 Agony                    Necr           ###.....     85%         5    ##.....
 Bolt of Draining         Conj/Necr      ###.......   85%         5    ##.....
 Dispel Undead            Necr           ###.....     85%         5    ##.....
 Excruciating Wounds      Chrm/Necr      ###.......   85%         5    ##.....
 Fireball                 Conj/Fire      ###.......   85%         5    ##.....
 Metabolic Englaciation   Hex/Ice        ###.......   85%         5    ##.....
 Silence                  Hex/Air        ###.......   85%         5    ##.....
 Bolt of Cold             Conj/Ice       ###.......   100%        6    #####..
 Bolt of Fire             Conj/Fire      ###.......   100%        6    #####..
 Freezing Cloud           Conj/Ice/Air   ###.......   100%        6    #####..
 Ozocubu's Refrigeration  Ice            ###.......   100%        6    #####..
 Simulacrum               Ice/Necr       ###.......   100%        6    #####..
 Ring of Flames           Chrm/Fire      ###.......   100%        7    ######.
 Ignition                 Fire           ###.......   100%        8    #######
 Tornado                  Air            ###.......   100%        9    #######


Dungeon Overview and Level Annotations

Branches:
Dungeon (15/15)            Temple (0/1) D:7            Lair (0/6) D:9
    Orc (0/2) D:10         Vaults (0/5) D:13        Ossuary (visited)
  IceCv (visited)
 Depths: D:15

Shops:
D:4 [   D:11 *


Innate Abilities, Weirdness & Mutations

You have an increased reservoir of magic. (+10% MP)


Message History

There is a stone staircase leading up here.
Evoke which item? (* to show all) (? for menu, Esc to quit)
Aiming: Iceblast
Press: ? - help, Shift-Dir - straight line, f/p - large slime creature
Aim: a large slime creature (heavily wounded)
The mass of ice explodes!
The iceblast engulfs the large slime creature!
The large slime creature is severely wounded.
The iceblast engulfs the large slime creature!
The large slime creature is severely wounded.
The tengu conjurer gestures at you while chanting.
The bolt of poison hits the large slime creature!
The bolt of poison hits you.
You are poisoned.
You resist.
The battlesphere fires!
The barrage of energy hits you!
Unknown command.
Unknown command.
You feel sick. The large slime creature hits you.
The large slime creature hits you!!!
You die...

#...............# #.....
#...............# #.....
#...............# #.....
#.......)...Q...###.....
#.......######....[.....
#...*..Q# #..##......
#.......# #<.##..$...
......JJ# #..##.J....
.......@# #..##<.....
........# #..##......
....##..# #..##......
.... #..# #..##......
... #..# #..##...... ..
#..# #..##...... #..#
#..##...... #..#
#..##...... #..# #..#


You could see 2 large slime creatures, a tengu conjurer and a battlesphere.

Vanquished Creatures
  2 tengu reavers (D:12)
  Frances (D:13)
  A frost giant (IceCv)
  An ettin (D:13)
  2 hydras
  A two-headed ogre (D:11)
  3 death yaks
  A deep troll earth mage (D:12)
  An unseen horror (D:7)
  The ghost of HoboStank the Skirmisher, a novice HOBe of Trog (D:6)
  Pikel (D:5)
  A phantasmal warrior (D:13)
  An orc knight (D:14)
  7 ugly things
  A wolf spider (shapeshifter) (D:13)
  A manticore (D:14)
  3 cyclopes
  An elephant (shapeshifter) (D:13)
  3 centaur skeletons
  2 gargoyles (D:14)
  A komodo dragon (D:13)
  2 efreet (D:14)
  2 yaktaurs
  A tengu conjurer (D:15)
  2 rime drakes (D:12)
  13 polar bears (IceCv)
  3 trolls
  5 hippogriffs
  5 slime creatures
  A meliai zombie (D:12)
  2 vampires
  Sigmund (D:2)
  2 wraiths
  3 shadows
  A tarantella (shapeshifter) (D:13)
  2 wyverns
  21 yaks
  4 hogs (D:7)
  A human (D:7)
  A human (shapeshifter) (D:12)
  2 hungry ghosts
  5 vampire mosquitoes (D:13)
  2 water moccasins
  A porcupine (D:9)
  12 orc warriors
  A sky beast (D:7)
  4 ice beasts
  2 black bears
  A slave (D:5)
  4 ogres
  10 centaurs
  9 wolves (IceCv)
  6 big kobolds
  Blork the orc (D:5)
  10 bullfrogs
  5 gnoll sergeants
  A wyvern zombie (D:10)
  8 scorpions
  A killer bee (D:8)
  9 wights
  5 crimson imps
  7 howler monkeys
  6 bullfrog zombies
  5 hounds
  5 jellies
  7 orc priests
  3 centaur zombies
  A human zombie (Ossuary)
  3 orc wizards
  Jessica (D:2)
  2 iguanas
  11 worker ants
  3 bullfrog skeletons
  A hell rat (D:9)
  3 big kobold zombies (Ossuary)
  A hound zombie (D:7)
  A hound skeleton (D:10)
  2 mummies (Ossuary)
  A howler monkey zombie (D:5)
  A worker ant zombie (D:10)
  11 gnolls
  15 adders
  A river rat (D:9)
  3 shadow imps
  2 oozes
  5 adder skeletons
  An adder zombie (Ossuary)
  A worm (D:2)
  A dart slug (D:1)
  6 leopard geckos
  39 orcs
  A ball python (D:1)
  2 giant cockroaches
  3 goblins
  7 hobgoblins
  9 jackals
  7 quokkas
  13 bats
  7 frilled lizards
  A goblin zombie (Ossuary)
  12 hobgoblin zombies (Ossuary)
  A jackal skeleton (D:4)
  A jackal zombie (Ossuary)
  16 kobolds
  10 kobold zombies (Ossuary)
  6 orc zombies (Ossuary)
  12 rats
  A rat zombie (Ossuary)
  A fungus (D:4)
466 creatures vanquished.

Vanquished Creatures (others)
  A death yak (IceCv)
  A rime drake (IceCv)
  A polar bear (IceCv)
  4 yaks (IceCv)
  A slave (D:5)
  2 centaurs (D:12)
  4 wolves (IceCv)
  A scorpion (D:5)
  A crimson imp (D:5)
  An orc wizard (D:4)
  A quokka (D:5)
  A fungus (D:4)
19 creatures vanquished.

Grand Total: 485 creatures vanquished

Notes
Turn   | Place    | Note
-------+----------+-------------------------------------------
     0 | D:1      | Johnny the Demigod Earth Elementalist began the quest for
                  | the Orb.
     0 | D:1      | Reached XP level 1. HP: 14/14 MP: 5/5
   194 | D:1      | Reached skill level 3 in Earth Magic
   479 | D:1      | Reached XP level 2. HP: 18/20 MP: 4/7
   998 | D:2      | Reached XP level 3. HP: 22/26 MP: 4/9
  1144 | D:2      | Noticed Sigmund
  1454 | D:2      | Killed Sigmund
  1454 | D:2      | Reached skill level 4 in Earth Magic
  1454 | D:2      | Reached XP level 4. HP: 26/33 MP: 5/12
  1454 | D:2      | Reached XP level 5. HP: 30/38 MP: 5/13
  1686 | D:2      | Found a shadowy altar of Dithmenos.
  1687 | D:2      | Found a sparkling altar of Nemelex Xobeh.
  1687 | D:2      | Noticed Jessica
  1689 | D:2      | Found a white marble altar of Elyvilon.
  1702 | D:2      | Killed Jessica
  1873 | D:2      | Found a burning altar of Makhleb.
  1874 | D:2      | Found a snail-covered altar of Cheibriados.
  1884 | D:2      | Found an ancient bone altar of Kikubaaqudgha.
  2154 | D:3      | Found a bloodstained altar of Trog.
  2164 | D:3      | Reached XP level 6. HP: 17/45 MP: 7/15
  2367 | D:3      | Reached skill level 5 in Earth Magic
  2419 | D:3      | You fall into a shaft and drop 2 floors!
  2419 | D:5      | Entered Level 5 of the Dungeon
  2469 | D:5      | Learned a level 3 spell: Stone Arrow
  2993 | D:5      | Noticed Blork the orc
  2996 | D:5      | Killed Blork the orc
  3008 | D:5      | Reached skill level 5 in Spellcasting
  3008 | D:5      | Reached XP level 7. HP: 25/50 MP: 10/18
  3020 | D:5      | Reached skill level 6 in Earth Magic
  3280 | D:5      | Noticed Pikel
  3304 | D:5      | Killed Pikel
  3304 | D:5      | Reached skill level 7 in Earth Magic
  3304 | D:5      | Reached XP level 8. HP: 15/57 MP: 0/21
  4114 | D:4      | Found Sashrat's Antique Armour Shoppe.
  4122 | D:4      | Bought a fabulously ornate robe for 142 gold pieces
  4132 | D:4      | Identified the +1 robe of the Unbroken {rPois rN+ Dex+2}
                  | (You bought it in a shop on level 4 of the Dungeon)
  4848 | D:4      | Learned a level 5 spell: Lee's Rapid Deconstruction
  4853 | D:4      | Learned a level 4 spell: Petrify
  4900 | D:4      | Reached skill level 8 in Earth Magic
  4920 | D:4      | Found the +7 Singing Sword {slice, sonic wave}
  5535 | D:6      | Found an ornate altar of the Wu Jian Council.
  5861 | D:6      | Found a runed translucent gate.
  5861 | D:6      | Found a runed translucent gate.
  5862 | D:6      | Found a runed translucent gate.
  5864 | D:6      | Noticed a cyclops
  5864 | D:6      | Noticed HoboStank's ghost (novice HOBe)
  6170 | D:6      | Reached XP level 9. HP: 47/62 MP: 18/24
  6173 | D:6      | Killed a cyclops
  6179 | D:6      | Killed HoboStank's ghost
  6179 | D:6      | Reached skill level 9 in Earth Magic
  6478 | D:7      | Reached skill level 1 in Shields
  6765 | D:7      | Killed an unseen horror
  6765 | D:7      | Reached skill level 10 in Earth Magic
  6765 | D:7      | Reached XP level 10. HP: 44/69 MP: 10/27
  6890 | D:7      | Found a sparkling altar of Nemelex Xobeh.
  7060 | D:7      | Found a staircase to the Ecumenical Temple.
  7528 | D:8      | Found a basalt altar of Yredelemnul.
  7533 | D:8      | Found a hazy altar of Hepliaklqana.
  7535 | D:8      | Found a glowing silver altar of Zin.
  7629 | D:8      | Found a sand-covered staircase.
  7672 | Ossuary  | Entered an ossuary
  8026 | D:8      | Noticed a cyclops
  8030 | D:8      | Killed a cyclops
  8312 | D:8      | Found an iron altar of Okawaru.
  8475 | D:9      | Noticed a death yak
  8480 | D:9      | Noticed a death yak
  8481 | D:9      | Noticed a death yak
  8482 | D:9      | Killed a death yak
  8482 | D:9      | Reached skill level 5 in Shields
  8537 | D:8      | Killed a death yak
  8895 | D:9      | Identified the Catalogue of Snow and Lightness
  8983 | D:9      | Killed a death yak
  9099 | D:9      | Found a staircase to the Lair.
  9289 | D:9      | Got an ancient robe
  9300 | D:9      | Identified the +1 robe "Lutokhau" {MR+ Stlth+} (You found
                  | it on level 9 of the Dungeon)
  9650 | D:10     | Entered Level 10 of the Dungeon
  9655 | D:10     | Reached skill level 10 in Spellcasting
  9655 | D:10     | Reached XP level 11. HP: 74/74 MP: 25/29
  9724 | D:10     | Reached skill level 11 in Earth Magic
 10103 | D:10     | Found a staircase to the Orcish Mines.
 10887 | D:11     | Found Qahuev's Assorted Antiques.
 10887 | D:11     | Noticed a two-headed ogre
 10887 | D:11     | Noticed an eight-headed hydra
 10893 | D:11     | Killed a two-headed ogre
 10896 | D:11     | Killed an eight-headed hydra
 11689 | D:12     | Found a runed translucent door.
 11690 | D:12     | Noticed a tengu reaver
 11730 | D:12     | Killed a tengu reaver
 11776 | D:12     | Noticed a deep troll earth mage
 11778 | D:12     | Noticed a tengu reaver
 11845 | D:12     | Found a frozen archway.
 11849 | D:12     | Reached skill level 12 in Earth Magic
 11858 | IceCv    | Entered an ice cave
 11915 | IceCv    | Killed a death yak
 12121 | IceCv    | Reached XP level 12. HP: 53/81 MP: 31/31
 12487 | IceCv    | Noticed a frost giant
 12504 | IceCv    | Killed a frost giant
 13350 | D:12     | Killed a tengu reaver
 13977 | D:13     | HP: 1/81 [tarantella (shapeshifter) (7)]
 14210 | D:13     | Reached skill level 13 in Earth Magic
 14541 | D:13     | Noticed Frances
 14550 | D:13     | Killed Frances
 14550 | D:13     | Reached XP level 13. HP: 41/86 MP: 18/34
 14803 | D:13     | Reached skill level 10 in Shields
 14984 | D:13     | Found a gate to the Vaults.
 16931 | D:15     | Entered Level 15 of the Dungeon
 17240 | D:15     | Slain by a large slime creature

Levels and vault maps discovered:
D:1:      minmay_arrival_doors, layout_loops_ring
D:2:      cheibrodos_helix_gallery, layout_rooms, makhleb_grotto_becter,
          grunt_temple_overflow_open, uniq_jessica, uniq_sigmund
D:3:      layout_rooms, bloody_trog
D:4:      old_forge, layout_basic, serial_shops, shop
D:5:      layout_basic, first_ration, dk_noncrumbling_2, uniq_pikel,
          uniq_blork_the_orc
D:6:      layout_loops_corners, nicolae_overflow_crystal_walls,
          gammafunk_ghost_split, chequers_serial_rivers_room_b
D:7:      layout_basic, minmay_temple_entry_poolview, grunt_livestock,
          nemelex_dance_club_becter
D:8:      layout_rooms, kennysheep_mini, minitemple,
          nicolae_ossuary_entry_monument, minmay_fractal_squares_diagonal_5
D:9:      layout_gridville, dpeg_lair_monsters
D:10:     layout_stronghold, kennysheep_orc_monster_closet_entryway
D:11:     layout_cross, serial_shops, shop
D:12:     layout_gridville, portal_ice_cave_rime, minivault_13
D:13:     layout_basic, david_vaults_4, uniq_frances
D:14:     layout_stronghold, glass_columns_c, minivault_16,
          lemuel_flamethrower_2
D:15:     grunt_enter_depths_hoard, layout_long_grid, gammafunk_ghost_grave,
          serial_shops, shop_fountains, minmay_strange_pillars, wad_scary_box

Skill      XL: |  1  2  3  4  5  6  7  8  9 10 11 12 13 |
---------------+----------------------------------------+-----
Spellcasting   | 2 3 4 5 6 7 9 10 11 12 | 12.6
Earth Magic    | 3 4 5 7 8 10 12 13 | 13.7
Shields        | 3 5 8 9 10 | 10.7
Dodging        | |  1.7
Stealth        | |  1.7
Transmutations | |  0.8

Action                   |  1- 3 |  4- 6 |  7- 9 | 10-12 | 13-15 || total
-------------------------+-------+-------+-------+-------+-------++-------
Melee: Unarmed           |    24 |    37 |       |       |       ||    61
       Flail             |       |    23 |   192 |       |       ||   215
       Trident           |       |       |    27 |    33 |       ||    60
       Spear             |       |       |       |   192 |       ||   192
       Staff             |       |       |       |   186 |     6 ||   192
 Cast: Sandblast         |    39 |    40 |    35 |    99 |     2 ||   215
       Stone Arrow       |       |    10 |    19 |   144 |    39 ||   212
       Lee's Rapid Decon |       |       |    17 |    93 |    71 ||   181
       Petrify           |       |       |       |     4 |     6 ||    10
Evoke: Wand              |       |     1 |     2 |    43 |    11 ||    57
  Use: Scroll            |     4 |     2 |     5 |     9 |       ||    20
       Potion            |     1 |       |     3 |     3 |       ||     7
 Stab: Sleeping          |     2 |     1 |     7 |    12 |       ||    22
       Held in net/web   |       |       |     2 |       |       ||     2
       Distracted        |       |       |       |     1 |       ||     1
  Eat: Chunk             |     1 |     6 |    12 |    20 |     1 ||    40
       Ration            |       |       |     1 |     5 |     4 ||    10
Armor: Robe              |    11 |    16 |    95 |   144 |     5 ||   271
       Skin              |     7 |       |       |    43 |       ||    50
Dodge: Dodged            |    48 |    61 |   240 |   371 |    28 ||   748
Block: Shield            |       |       |       |   245 |    28 ||   273
       Reflection        |       |       |       |    16 |     1 ||    17
